 Dungeon Crawl Stone Soup version 0.29-a0-221-gceb61267dd (webtiles) character file.

Game seed: 16745336981227236205

156 sanka the Thrower (level 5, 0/43 HPs)
             Began as a Gnoll Wanderer on Feb 26, 2022.
             Was a High Priest of Ignis.
             Slain by an adder (4 damage)
             ... on level 3 of the Dungeon.
             The game lasted 00:03:51 (2696 turns).

sanka the Thrower (Gnoll Wanderer)                  Turns: 2696, Time: 00:03:51

Health: 0/43       AC:  3    Str:  8    XL:     5   Next: 37%
Magic:  7/7        EV: 13    Int: 13    God:    Ignis [*****.]
Gold:   146        SH:  0    Dex: 15    Spells: 6/6 levels left

rFire   + . .      SeeInvis .   a - +2 dagger
rCold   . . .      Faith    .   (no shield)
rNeg    . . .      Spirit   .   e - +0 robe
rPois   .          Reflect  .   (no helmet)
rElec   .          Harm     .   g - +0 cloak
rCorr   .          Rampage  .   (no gloves)
Will    .....                   (no boots)
Stlth   ++........              (no amulet)
HPRegen 0.14/turn               (no ring)
MPRegen 0.10/turn               (no ring)

@: no status effects
A: fangs 1, strong nose, distributed training
a: Renounce Religion, Fiery Armour, Foxfire Swarm, Rising Flame


You were on level 3 of the Dungeon.
You worshipped Ignis.
Ignis was extremely pleased with you.
You visited 1 branch of the dungeon, and saw 3 of its levels.

You collected 146 gold pieces.


Innate Abilities, Weirdness & Mutations

You have very sharp teeth.
Your uncanny sense of smell can sniff out nearby items.
Your experience applies equally to all skills.


   Skills:
 + Level 4.8 Fighting
 + Level 1.4 Short Blades
 + Level 1.4 Long Blades
 + Level 1.4 Axes
 + Level 1.4 Maces & Flails
 + Level 1.4 Polearms
 + Level 1.4 Staves
 + Level 1.4 Slings
 + Level 1.4 Bows
 + Level 1.4 Crossbows
 + Level 8.6 Throwing
 + Level 1.4 Armour
 + Level 3.0 Dodging
 + Level 1.4 Stealth
 + Level 1.4 Shields
 + Level 3.0 Unarmed Combat
 + Level 1.4 Spellcasting
 + Level 1.1 Conjurations
 + Level 1.1 Hexes
 + Level 1.1 Summonings
 + Level 1.1 Necromancy
 + Level 1.1 Translocations
 + Level 1.1 Transmutations
 + Level 1.1 Fire Magic
 + Level 1.1 Ice Magic
 + Level 1.1 Air Magic
 + Level 1.1 Earth Magic
 + Level 1.1 Poison Magic
 + Level 1.6 Invocations
 + Level 4.8 Evocations


You had 6 spell levels left.
You didn't know any spells.
Your spell library was empty.

Inventory:

Hand Weapons
 a - a +2 dagger (weapon)
Missiles
 b - a curare-tipped dart {=f}
 h - 49 stones
 j - 5 poisoned darts (quivered)
Armour
 e - a +0 robe (worn)
 g - a +0 cloak (worn)
Scrolls
 c - a scroll of teleportation {@r4}
 f - 4 scrolls of identify {unknown}
 k - a scroll of noise {unknown}
 m - a scroll of fog {unknown}
 q - a scroll of immolation {unknown}
Potions
 d - 2 potions of curing {@q1}
 i - a potion of degeneration {unknown}
 l - a potion of flight {unknown}
 n - a potion of might {unknown}
 o - a potion of heal wounds {@q2}
 p - 2 potions of cancellation {unknown}

Dungeon Overview and Level Annotations

Branches:
Dungeon (3/15)

Altars:
Ignis

Shops:
D:1

[
...▒≈S≈≈≈≈≈≈≈...▒.▒....
▒.▒▒▒▒≈▒≈▒≈≈...▒.▒▒▒▒.
▒...≈≈≈≈≈.≈......▒ ▒
▒▒▒.....≈..........▒ ▒
▒......)...........▒ ▒
▒.▒.....▒▒.▒.......▒ ▒
. ▒....S▒▒.▒▒▒▒▒▒▒▒▒ ▒
▒...SS▒... ▒
▒▒▒▒▒g▒.▒.▒ ▒ ▒.▒. .▒ ▒
▒.▒ ▒ ▒.▒ ▒.▒ ▒.▒ ▒ ▒.▒
▒ ▒.▒ ▒ ..▒▒


You could see 3 adders.


Message History

The adder bites you but does no damage. The adder closely misses you.
The adder barely misses you. The adder bites you but does no damage.
The adder bites you.
* * * LOW HITPOINT WARNING * * *
You are poisoned.
The adder poisons you!
You feel sick. The adder bites you.
* * * LOW HITPOINT WARNING * * *
You are more poisoned.
The adder poisons you!
You feel very sick. The adder completely misses you.
You feel sick. The adder misses you. The adder barely misses you.
The adder barely misses you.
You feel sick.
You see here a +0 dagger.
You feel sick. The adder closely misses you.
You feel sick. The adder completely misses you.
You feel sick.
You feel sick.
You are no longer poisoned.
The adder bites you.
You die...

Action                   |  1- 3 |  4- 6 || total
-------------------------+-------+-------++-------
Melee: Dagger            |   122 |    61 ||   183
       Bite              |    12 |    12 ||    24
       Punch             |     2 |       ||     2
Throw: Dart              |     1 |     9 ||    10
 Stab: Sleeping          |       |     1 ||     1
Armor: Robe              |    23 |     9 ||    32
Dodge: Dodged            |    56 |    40 ||    96

Levels and vault maps discovered:
D:1:      ncdulo_lavacross, layout_loops_ring, serial_shops,
          nicolae_shop_crystal, chequers_ecumenical_altar_twisty
D:2:      layout_basic, serial_bayou_lake_a, uniq_natasha
D:3:      layout_basic, lightli_sewer_entry_pipes, roderic_batcave

Notes
Turn   | Place    | Note
-------+----------+-------------------------------------------
     0 | D:1      | sanka the Gnoll Wanderer began the quest for the Orb.
     0 | D:1      | sanka set off with the following items: a +2 dagger, 2
                  | curare-tipped darts {=f}, a scroll of teleportation {@r4},
                  | a potion of curing {@q1}, a +0 robe
     0 | D:1      | Reached XP level 1. HP: 20/20 MP: 1/1
   167 | D:1      | Reached XP level 2. HP: 26/26 MP: 2/2
   380 | D:1      | Found a faded altar of an unknown god.
   382 | D:1      | Prayed at the altar of an unknown god.
   382 | D:1      | Became a worshipper of Ignis, the Dying Flame
   459 | D:1      | Found Emmaisk's Antique Armour Shoppe.
  1038 | D:2      | Reached XP level 3. HP: 19/31 MP: 3/3
  1561 | D:2      | Reached skill level 1 in Invocations
  1791 | D:2      | Noticed Natasha
  1800 | D:2      | Killed Natasha
  1801 | D:2      | Reached skill level 1 in Short Blades
  1801 | D:2      | Reached skill level 1 in Long Blades
  1801 | D:2      | Reached skill level 1 in Axes
  1801 | D:2      | Reached skill level 1 in Maces & Flails
  1801 | D:2      | Reached skill level 1 in Polearms
  1801 | D:2      | Reached skill level 1 in Staves
  1801 | D:2      | Reached skill level 1 in Slings
  1801 | D:2      | Reached skill level 1 in Bows
  1801 | D:2      | Reached skill level 1 in Crossbows
  1801 | D:2      | Reached skill level 1 in Armour
  1801 | D:2      | Reached skill level 1 in Stealth
  1801 | D:2      | Reached skill level 1 in Shields
  1801 | D:2      | Reached skill level 1 in Spellcasting
  1801 | D:2      | Reached XP level 4. HP: 8/38 MP: 5/5
  2235 | D:2      | Noticed Natasha
  2244 | D:2      | Killed Natasha
  2245 | D:2      | Reached skill level 1 in Conjurations
  2245 | D:2      | Reached skill level 1 in Hexes
  2245 | D:2      | Reached skill level 1 in Summonings
  2245 | D:2      | Reached skill level 1 in Necromancy
  2245 | D:2      | Reached skill level 1 in Translocations
  2245 | D:2      | Reached skill level 1 in Transmutations
  2245 | D:2      | Reached skill level 1 in Fire Magic
  2245 | D:2      | Reached skill level 1 in Ice Magic
  2245 | D:2      | Reached skill level 1 in Air Magic
  2245 | D:2      | Reached skill level 1 in Earth Magic
  2245 | D:2      | Reached skill level 1 in Poison Magic
  2257 | D:2      | Noticed Natasha
  2264 | D:2      | Killed Natasha
  2265 | D:2      | Reached XP level 5. HP: 31/43 MP: 5/7
  2652 | D:3      | Reached skill level 3 in Dodging
  2652 | D:3      | Reached skill level 3 in Unarmed Combat
  2696 | D:3      | HP: 4/43 [poisoned by an adder]
  2696 | D:3      | Slain by an adder

Vanquished Creatures
  Natasha (thrice) (D:2)
  An adder (D:2)
  A river rat (D:3)
  3 worms
  A dart slug (D:2)
  An orc (D:3)
  5 ball pythons
  5 endoplasms
  2 giant cockroaches
  5 goblins
  9 hobgoblins
  2 bats (D:1)
  A frilled lizard (D:2)
  6 kobolds
  8 rats
53 creatures vanquished.

Vanquished Creatures (others)
  7 plants (D:2)
7 creatures vanquished.

Grand Total: 60 creatures vanquished
